 Dungeon Crawl Stone Soup version 0.17-a0-1719-g1afd5a1 (webtiles) character file.

48 KambridgeKobold the Magician (level 3, -1/19 HPs)
             Began as a Deep Elf Wizard on Aug 27, 2015.
             Slain by a giant gecko (4 damage)
             ... on level 2 of the Dungeon.
             The game lasted 00:06:41 (1442 turns).

KambridgeKobold the Magician (Deep Elf Wizard)      Turns: 1442, Time: 00:06:41

Health: -1/19      AC:  2    Str:  5    XL:     3   Next: 50%
Magic:  11/12      EV: 12    Int: 22    God:
Gold:   20         SH:  0    Dex: 13    Spells: 5 memorised, 4 levels left

rFire  . . .     SeeInvis .     l - +1 whip (freeze)
rCold  . . .     Clarity  .     a - +0 robe
rNeg   . . .     SustAt   .     (no shield)
rPois  .         Gourm    .     b - +0 hat
rElec  .         Spirit   .     (no cloak)
rCorr  .         Warding  .     (no gloves)
rMut   .         Stasis   .     (no boots)
MR     .....                    (no amulet)
Stlth  ++........               (no ring)
                                (no ring)

@: not resistant to hostile enchantments, unstealthy
A: no striking features
a: no special abilities


You were on level 2 of the Dungeon.
You were not hungry.

You visited 1 branch of the dungeon, and saw 2 of its levels.

You collected 20 gold pieces.

Inventory:

Hand weapons
 f - a +0 hunting sling
 l - a +1 whip of freezing (weapon)
Missiles
 m - a stone (quivered)
Armour
 a - a +0 robe (worn)
 b - a +0 hat (worn)
Scrolls
 e - a scroll of magic mapping {unknown}
 j - a scroll of fog {unknown}
 k - a scroll of immolation {unknown}
Potions
 g - a potion of curing {unknown}
 h - a potion of invisibility {unknown}
Books
 c - a book of Minor Magic

   Spells                             Type                      Level
   a - Magic Dart                     Conjuration                  1
   b - Blink                          Translocation                2
   c - Call Imp                       Summoning                    2
   d - Repel Missiles                 Charms/Air                   2
   e - Slow                           Hexes                        2
   f - Conjure Flame                  Conjuration/Fire             3
   g - Mephitic Cloud                 Conjuration/Poison/Air       3
Comestibles
 d - 3 bread rations
 i - 3 chunks of flesh


   Skills:
 - Level 2.4 Dodging
 - Level 2.4 Stealth
 + Level 5.6 Spellcasting
 + Level 2.5 Conjurations
 - Level 1.1 Summonings
 - Level 1.1 Translocations


You had 4 spell levels left.
You knew the following spells:

 Your Spells              Type           Power        Failure   Level  Hunger
a - Magic Dart            Conj           ###.         4%          1    None
b - Blink                 Tloc           N/A          10%         2    None
c - Call Imp              Summ           ##......     10%         2    None
d - Repel Missiles        Chrm/Air       #.....       17%         2    None
e - Slow                  Hex            #.......     17%         2    None


Dungeon Overview and Level Annotations

Branches:
Dungeon (2/15)

Altars:


Message History

Aim: a giant cockroach The magic dart hits the giant cockroach.
You completely miss the giant cockroach.
The giant cockroach bites you. The giant gecko bites you.
Some of the chunks of flesh in your inventory have rotted away.
You barely miss the giant cockroach. The giant cockroach misses you.
The giant gecko barely misses you.
You hit the giant cockroach but do no damage.
The giant cockroach waves its antennae.
The giant cockroach barely misses you. The giant gecko bites you.
The giant cockroach barely misses you.
You hit the giant cockroach but do no damage.
The giant gecko bites you.
The giant cockroach bites you but does no damage.
The giant gecko bites you.
* * * LOW HITPOINT WARNING * * *
You barely miss the giant cockroach.
The giant cockroach bites you but does no damage.
The giant gecko bites you.
You die...

. #..........# .......
..## #.....#.......
.....###
.....#...###....###......#
#.....# #..####......##
#...##..####............#
###.#..................##
#..............#.
#................
.........#@..(.<..
...#.....##sl......
...###............# ..
###..#.......#
#.#(..#.###. ## .....#
.... # ......


You could see a giant gecko and a giant cockroach.

Vanquished Creatures
  An adder (D:2)
  An ooze (D:1)
  A worm (D:2)
  3 giant geckos (D:1)
  2 bats (D:1)
  2 giant cockroaches (D:1)
  2 hobgoblins (D:1)
  5 jackals
  A giant newt (D:1)
  6 kobolds
  4 rats
28 creatures vanquished.

Vanquished Creatures (collateral kills)
  8 jackals
8 creatures vanquished.

Grand Total: 36 creatures vanquished

Notes
Turn   | Place    | Note
--------------------------------------------------------------
     0 | D:1      | KambridgeKobold the Deep Elf Wizard began the quest for the Orb.
     0 | D:1      | Reached XP level 1. HP: 10/10 MP: 7/7
   149 | D:1      | Reached XP level 2. HP: 9/15 MP: 3/9
   539 | D:1      | Reached skill level 5 in Spellcasting
   567 | D:1      | Learned a level 2 spell: Blink
   581 | D:1      | Learned a level 2 spell: Call Imp
  1197 | D:2      | Reached XP level 3. HP: 19/19 MP: 4/11
  1432 | D:2      | Learned a level 2 spell: Repel Missiles
  1435 | D:2      | Learned a level 2 spell: Slow
  1442 | D:2      | Slain by a giant gecko

Vault maps used:
D:1:      dpeg_arrival_simpleton_c
D:2:      nicolae_overflow_hidden_temple, first_bread

Action                   || total
-------------------------++-------
Melee: Unarmed           ||     5
       Whip              ||    11
 Cast: Magic Dart        ||    66
       Call Imp          ||     6
       Blink             ||     2
  Eat: Chunk             ||     1
